 Seeded DCSS version 0.29-a0-451-gfbfa42419e (webtiles) character file.

Game seed: 20220519 (custom seed)

112 bwicke the Skirmisher (level 4, -10/50 HPs)
             Began as an Ogre Transmuter on May 19, 2022.
             Mangled by a gnoll
             ... wielding a +0 halberd
              (13 damage)
             ... on level 2 of the Dungeon.
             The game lasted 00:04:10 (1896 turns).

bwicke the Skirmisher (Ogre Transmuter)             Turns: 1896, Time: 00:04:11

Health: -10/50     AC:  3    Str: 14    XL:     4   Next: 95%
Magic:  7/7        EV:  9    Int: 16    God:
Gold:   19         SH:  0    Dex:  9    Spells: 6/7 levels left

rFire   . . .      SeeInvis .     - Unarmed
rCold   . . .      Faith    .   (no shield)
rNeg    . . .      Spirit   .   a - +0 robe
rPois   .          Reflect  .   (helmet currently unavailable)
rElec   .          Harm     .   (no cloak)
rCorr   .          Rampage  .   (gloves unavailable)
Will    .....                   (boots unavailable)
Stlth   +.........              (no amulet)
HPRegen 0.16/turn               j - ring of flight
MPRegen 0.10/turn               (no ring)

@: appendages (expiring), flying
A: horns 2, talons 2, large, unfitting armour, tough skin 1
a: End Transformation


You were on level 2 of the Dungeon.
You had temporarily grown beastly horns and talons.
You visited 1 branch of the dungeon, and saw 2 of its levels.

You collected 19 gold pieces.

Inventory:

Hand Weapons
 c - a +0 dagger
 f - a +0 trident
 g - a +0 whip
Armour
 a - a +0 robe (worn)
Jewellery
 j - a ring of flight (left hand)
Scrolls
 h - a scroll of teleportation {unknown}
Potions
 d - a potion of invisibility {unknown}
 e - a potion of flight
 i - a potion of haste {unknown}
 k - a potion of cancellation {unknown}


   Skills:
 - Level 5.4 Fighting
 - Level 1.7 Dodging
 - Level 2.6 Unarmed Combat
 - Level 2.4 Spellcasting
 + Level 2.5 Transmutations


You had 6 spell levels left.
You knew the following spells:

 Your Spells              Type           Power      Damage    Failure   Level
a - Beastly Appendage     Tmut           18%        N/A       7%          1

Your spell library contained the following spells:

 Spells                   Type           Power      Damage    Failure   Level
 Wereblood                Tmut           9%         N/A       11%         2
 Spider Form              Tmut/Pois      5%         N/A       34%         3
 Ice Form                 Ice/Tmut       5%         N/A       75%         4


Dungeon Overview and Level Annotations

Branches:
Dungeon (2/15)

Altars:


Innate Abilities, Weirdness & Mutations

You have temporarily grown beastly horns and talons.
You are too large for most types of armour.
You have tough skin. (AC +1)


Message History

You closely miss the gnoll. You claw the gnoll.
The gnoll is heavily wounded.
The gnoll hits you from afar with a +0 halberd!
The gnoll closely misses you.
You hit the gnoll. Your kick misses the gnoll. You headbutt the gnoll.
The gnoll is severely wounded.
The gnoll closely misses you.
You hit the gnoll. Your kick misses the gnoll. You headbutt the gnoll.
You kill the gnoll!
You hit the gnoll. You claw the gnoll. Your headbutt misses the gnoll.
The gnoll is lightly wounded.
The gnoll closely misses you.
You hit the gnoll. Your kick misses the gnoll.
The gnoll is heavily wounded.
Your transformation is almost over.
You barely miss the gnoll. You claw the gnoll.
The gnoll is severely wounded.
The gnoll barely misses you. The gnoll hits you with a +0 whip.
You hit the gnoll but do no damage. Your kick misses the gnoll.
You headbutt the gnoll.
You kill the gnoll!
The gnoll closely misses you. The gnoll hits you with a +0 halberd!
* * * LOW HITPOINT WARNING * * *
Things that are here:
a +0 whip; a +0 mace; a gnoll corpse You hit the gnoll.
Your punch misses the gnoll.
The gnoll is moderately wounded.
The gnoll closely misses you.
You closely miss the gnoll. Your kick misses the gnoll. You headbutt the gnoll.
The gnoll is moderately wounded.
The gnoll closely misses you.
You hit the gnoll. Your kick misses the gnoll.
The gnoll is heavily wounded.
The gnoll hits you with a +0 halberd!
* * * LOW HITPOINT WARNING * * *
It was a potion of flight.
You feel more buoyant. The gnoll hits you with a +0 halberd!
You die...

....... #.#
....... #.#
....... #.#
.#.....###.#
.........).## #
............##.#
#.###..........#
##.####g#### #.
#@# #. #.# .#
#.# # #.# #.# #.
#.# #) #.# #.#
#.# #.##
#.#######


You could see a gnoll.

Vanquished Creatures
  An orc priest (D:2)
  3 gnolls (D:2)
  An adder (D:2)
  2 dart slugs
  2 ball pythons
  2 endoplasms
  2 giant cockroaches
  4 hobgoblins
  3 jackals (D:2)
  6 quokkas
  4 bats (D:1)
  A frilled lizard (D:1)
  2 goblins (D:1)
  5 kobolds
  A rat (D:1)
39 creatures vanquished.

Notes
Turn   | Place    | Note
-------+----------+-------------------------------------------
     0 | D:1      | bwicke the Ogre Transmuter began the quest for the Orb.
     0 | D:1      | Reached XP level 1. HP: 19/19 MP: 3/3
   142 | D:1      | Reached skill level 2 in Fighting
   391 | D:1      | Reached XP level 2. HP: 27/29 MP: 3/5
   465 | D:1      | Reached skill level 3 in Fighting
  1013 | D:1      | Reached XP level 3. HP: 28/39 MP: 4/6
  1119 | D:1      | Found a faded altar of an unknown god.
  1232 | D:2      | Reached skill level 4 in Fighting
  1800 | D:2      | Reached skill level 5 in Fighting
  1800 | D:2      | Reached XP level 4. HP: 29/50 MP: 7/7
  1895 | D:2      | HP: 2/50 [gnoll/+0 halberd (9)]
  1896 | D:2      | Mangled by a gnoll

Illustrated notes

Levels and vault maps discovered:
D:1:      minmay_arrival_checkered_box, layout_loops_ring,
          basic_ecumenical_altar, roderic_serpentine_path
D:2:      layout_loops_ring, st_stairs_5, uniq_jessica

Skill      XL: |  1  2  3  4 |
---------------+-------------+-----
Fighting       | 2 3 5 |  5.4
Transmutations | 2 |  2.5
Dodging        | |  1.7
Unarmed Combat | |  2.6
Spellcasting   | |  2.4

Action                   |  1- 3 |  4- 6 || total
-------------------------+-------+-------++-------
Melee: Unarmed           |   113 |    20 ||   133
       Headbutt          |    12 |     7 ||    19
       Kick              |    18 |     6 ||    24
       Punch             |     2 |       ||     2
 Cast: Beastly Appendage |    21 |     2 ||    23
  Use: Potion            |     1 |     1 ||     2
Armor: Robe              |    36 |     2 ||    38
       Skin              |     3 |       ||     3
Dodge: Dodged            |    48 |    11 ||    59

Table legend: (Time is in decaauts)
 A = Elapsed time spent in this place.
 B = Non-inter-level travel time spent in this place.
 C = Inter-level travel time spent in this place.
 D = Time resting spent in this place.
 E = Time spent auto-exploring this place.
 F = Levels seen in this place.
 G = Mean time per level.
                   A        B        C        D        E       F      G
               +--------+--------+--------+--------+--------+-----+--------+
         Total |   1890 |   1857 |     33 |    274 |   1213 |   2 |  945.0 |
       Dungeon |   1890 |   1857 |     33 |    274 |   1213 |   2 |  945.0 |
               +--------+--------+--------+--------+--------+-----+--------+

Top non-repeatable levels by time:
     D:1: 1224 daAuts
     D:2: 665 daAuts
